 Dungeon Crawl Stone Soup version 0.31.0-1-g2c135a008e (webtiles) character file.

Game seed: 2732497657033294998

749 qw the Shooter (level 8, 0/58 HPs)
             Began as a Djinni Hunter on Jan 23, 2024.
             Slain by a phantom (5 damage)
             ... on level 5 of the Dungeon.
             The game lasted 00:00:16 (4073 turns).

qw the Shooter (Djinni Hunter)                      Turns: 4073, Time: 00:00:17

Health: 0/58       AC:  7    Str: 10    XL:     8   Next: 6%
Gold:   206        EV: 11    Int: 11    God:
                   SH:  0    Dex: 19

rFire   + + .        a - +0 shortbow
rCold   x . .        (shield currently unavailable)
rNeg    . . .        e - +0 ring mail
rPois   inf          h - +1 helmet
rElec   .            (no cloak)
rCorr   +            (no gloves)
SInv    .            (boots unavailable)
Will    .....        (no amulet)
Stlth   +            b - ring of resist corrosion
HPRegen 0.29/turn    (no ring)
MPRegen 0.00/turn

%: infuse magic (-1 HP)
@: flying
A: sickness immunity, fire resistance 2, cold vulnerability 1, float, innate
caster, HP casting, extra vitality 1
a: no special abilities


You were on level 5 of the Dungeon.
You visited 1 branch of the dungeon, and saw 5 of its levels.

You collected 206 gold pieces.


Innate Abilities, Weirdness & Mutations

You are immune to sickness and miasma.
You are immune to poison.
Your flesh is very heat resistant. (rF++)
You are vulnerable to cold. (rC-)
You float through the air rather than walking.
You learn spells naturally, not from books.
Your magical power is your life essence.
You have superior vitality. (+4 MHP)


   Skills:
 - Level 4.0 Fighting
 - Level 6.4 Ranged Weapons
 - Level 2.7 Armour
 + Level 3.1 Dodging
 - Level 0.7 Stealth


You knew the following spells:

 Your Spells              Type           Power      Damage    Failure   Level
a - Magic Dart            Conj           0%         1d3       65%         1
b - Scorch                Fire           0%         2d5       78%         2
c - Hailstorm             Conj/Ice       0%         3d5       95%         3
Your spell library was empty.

Inventory:

Hand Weapons
 a - a +0 shortbow (weapon)
Armour
 e - a +0 ring mail (worn)
 h - a +1 helmet (worn)
Jewellery
 b - a ring of resist corrosion (left hand)
Wands
 m - a wand of roots (4)
Scrolls
 j - a scroll of teleportation {unknown}
Potions
 c - 4 potions of curing
 d - a potion of brilliance {unknown}
 f - a potion of cancellation {unknown}
 g - 2 potions of enlightenment
 i - a potion of haste {unknown}
 k - a potion of lignification {unknown}
 l - a potion of invisibility {unknown}
 n - a potion of attraction {unknown}

Dungeon Overview and Level Annotations

Branches:
Dungeon (5/15)
 Temple: D:4-7

Altars:


Message History

The black bear is almost dead.
The black bear goes berserk!
The black bear bites you. The black bear claws you.
The black bear barely misses you.
The white imp lashes its tail.
Enter note:
Enter note:
4064 ||| RETREEEEATING.
You shoot an arrow. The arrow hits the black bear!
The black bear is almost dead.
The black bear closely misses you.
The black bear claws you but does no damage. x2
The black bear barely misses you.
The black bear claws you but does no damage.
The black bear barely misses you.
You shoot an arrow. The arrow hits the black bear.
You kill the black bear!
You have reached level 8!
You feel agile.
You shoot an arrow. The arrow hits the white imp.
The white imp is moderately wounded.
The white imp gestures at you. The puff of frost hits you.
You feel a terrible chill!
You shoot an arrow. The arrow hits the white imp!
You kill the white imp!
You shoot an arrow. The arrow misses the phantom.
The phantom hits you.
The phantom blinks!
You blink.
Found a scroll of identify.
The phantom hits you.
You shoot an arrow. The arrow hits the phantom.
The phantom is heavily damaged.
The phantom closely misses you.
You shoot an arrow.
The arrow hits the phantom but does no damage.
The phantom is heavily damaged.
The phantom closely misses you.
You shoot an arrow. The arrow closely misses the phantom.
The phantom hits you.
You shoot an arrow. The arrow hits the phantom!
The phantom is almost destroyed.
You hear a shout!
The phantom hits you.
You die...

#...##......................#.#
###....######......(###.#.#...#.#
....#..# #.#.........#.#...#.#
.......# #.#...#.#####.##.....
######.# #.#...#.# #.......# #
#.# #.......# ####..###
######.########...###
.......##......W..#
########.(#.....@.#
#......##.).#####.#
##..#.5$........... #.
#.##..#.### #..........#
#.#####.#### # #.... ..?. .# ## #


You could see a phantom.

Vanquished Creatures
  3 black bears (D:5)
  A phantom (D:5)
  3 bombardier beetles
  2 hounds
  An orc priest (D:3)
  An iguana (D:4)
  An orc wizard (D:3)
  3 adders
  A shadow imp (D:5)
  A white imp (D:5)
  2 ufetubi (D:5)
  4 dart slugs
  A ribbon worm (D:2)
  11 orcs (D:3)
  11 ball pythons
  6 bats
  9 endoplasms
  6 giant cockroaches
  6 goblins
  7 hobgoblins
  3 jackals (D:2)
  2 quokkas
  A frilled lizard (D:2)
  4 kobolds
  6 rats
96 creatures vanquished.

Notes
Turn   | Place    | Note
-------+----------+-------------------------------------------
     0 | D:1      | qw the Djinni Hunter began the quest for the Orb.
     0 | D:1      | Reached XP level 1. HP: 18/18 MP: 0/0
     0 | D:1      | 0 ||| qw: Version: 0.3-a-136-gdd3b4e8
     0 | D:1      | 0 ||| qw: Game counter: 1020
     0 | D:1      | 0 ||| qw: Melee chars always use a shield: true
     0 | D:1      | 0 ||| qw: God list: Okawaru
     0 | D:1      | 0 ||| qw: Allow faded altars: false
     0 | D:1      | 0 ||| qw: Do Orc after clearing Dungeon:15 true
     0 | D:1      | 0 ||| qw: Do second Lair branch before Depths: true
     0 | D:1      | 0 ||| qw: Lair rune preference: random
     0 | D:1      | 0 ||| qw: Goals: Normal
     0 | D:1      | 0 ||| PLANNING D:1-11
    55 | D:1      | Reached XP level 2. HP: 23/23 MP: 0/0
   132 | D:1      | Reached XP level 3. HP: 28/28 MP: 0/0
   132 | D:1      | Learned a level 1 spell: Magic Dart
   211 | D:1      | Reached skill level 4 in Ranged Weapons
   226 | D:1      | Found a faded altar of an unknown god.
   581 | D:1      | 581 ||| UPGRADING to +0 ring mail.
   591 | D:1      | 591 ||| DROPPING +0 leather armour.
   592 | D:1      | 592 ||| DROPPING scroll of butterflies.
   798 | D:2      | Reached skill level 1 in Armour
   798 | D:2      | Reached XP level 4. HP: 34/34 MP: 0/0
  1286 | D:2      | Reached skill level 3 in Fighting
  1585 | D:2      | 1585 ||| UPGRADING to +0 helmet.
  1590 | D:2      | 1590 ||| READING scroll labelled TEHARR BOCIS.
  1591 | D:2      | 1591 ||| READING scroll labelled UCETSE EBUEDERPH.
  1591 | D:2      | 1591 ||| IDENTIFYING sedimented purple potion
  1592 | D:2      | 1592 ||| DRINKING 3 fizzy ruby potions.
  1593 | D:2      | 1593 ||| DRINKING 2 lumpy grey potions.
  1660 | D:3      | Reached XP level 5. HP: 11/40 MP: 0/0
  1660 | D:3      | Learned a level 2 spell: Scorch
  1661 | D:3      | HP: 7/40 [orc/+0 falchion (5)]
  1662 | D:3      | 1662 ||| DRINKING potion of heal wounds.
  1676 | D:3      | 1676 ||| FLEEEEING.
  1677 | D:3      | 1677 ||| FLEEEEING.
  1678 | D:3      | 1678 ||| FLEEEEING.
  1679 | D:3      | 1679 ||| FLEEEEING.
  1680 | D:3      | 1680 ||| FLEEEEING.
  1681 | D:3      | 1681 ||| FLEEEEING.
  1682 | D:3      | 1682 ||| FLEEEEING.
  1683 | D:3      | 1683 ||| FLEEEEING.
  1684 | D:3      | 1684 ||| FLEEEEING.
  1685 | D:3      | 1685 ||| FLEEEEING.
  1688 | D:3      | 1688 ||| FLEEEEING.
  1689 | D:3      | 1689 ||| FLEEEEING.
  1690 | D:3      | 1690 ||| FLEEEEING.
  1691 | D:3      | 1691 ||| STAIRDANCE
  2108 | D:3      | Reached skill level 5 in Ranged Weapons
  2108 | D:3      | Reached XP level 6. HP: 31/46 MP: 0/0
  2279 | D:3      | Reached skill level 3 in Dodging
  2460 | D:3      | 2460 ||| UPGRADING to ring of resist corrosion.
  3031 | D:4      | 3031 ||| READING 2 scrolls labelled SIRUONTIEMALIO.
  3132 | D:4      | 3132 ||| READING scroll labelled LUXAMA MUCI.
  3132 | D:4      | 3132 ||| ENCHANTING +0 helmet.
  3133 | D:4      | 3133 ||| READING scroll labelled GULEKA DURCHUKK.
  3134 | D:4      | 3134 ||| READING scroll labelled CEBUTW TABECW.
  3135 | D:4      | 3135 ||| DRINKING 2 glowing orange potions.
  3239 | D:4      | 3239 ||| DROPPING scroll of vulnerability.
  3240 | D:4      | 3240 ||| DROPPING potion of berserk rage.
  3266 | D:5      | Entered Level 5 of the Dungeon
  3271 | D:5      | 3271 ||| STAIRDANCE
  3314 | D:5      | 3314 ||| STAIRDANCE
  3401 | D:5      | Reached XP level 7. HP: 34/52 MP: 0/0
  3401 | D:5      | Learned a level 3 spell: Hailstorm
  3566 | D:5      | Reached skill level 6 in Ranged Weapons
  3570 | D:5      | HP: 10/52 [shadow imp/nerve-wracking pain (13)]
  4039 | D:5      | 4039 ||| RETREEEEATING.
  4042 | D:5      | 4042 ||| RETREEEEATING.
  4043 | D:5      | 4043 ||| RETREEEEATING.
  4044 | D:5      | 4044 ||| RETREEEEATING.
  4045 | D:5      | 4045 ||| RETREEEEATING.
  4046 | D:5      | 4046 ||| RETREEEEATING.
  4049 | D:5      | 4049 ||| RETREEEEATING.
  4063 | D:5      | HP: 11/52 [black bear (5)]
  4064 | D:5      | 4064 ||| RETREEEEATING.
  4067 | D:5      | Reached XP level 8. HP: 13/58 MP: 0/0
  4069 | D:5      | HP: 10/58 [phantom (1)]
  4069 | D:5      | HP: 4/58 [phantom (6)]
  4073 | D:5      | Slain by a phantom

Levels and vault maps discovered:
D:1:      scummos_arrival_gate, layout_basic,
          hellmonk_ecumenical_altar_crossroads, nrook_loot_triangle,
          item_on_display_a
D:2:      layout_basic
D:3:      layout_basic
D:4:      layout_basic
D:5:      layout_loops_cross

Skill      XL: |  1  2  3  4  5  6  7 |
---------------+----------------------+-----
Ranged Weapons | 4 5 6 |  6.4
Armour         | 1 2 |  2.7
Fighting       | 3 4 |  4.0
Dodging        | 3 |  3.1
Stealth        | |  0.7

Action                     |  1- 3 |  4- 6 |  7- 9 || total
---------------------------+-------+-------+-------++-------
   Fire: Shortbow          |    83 |   208 |    73 ||   364
    Use: Potion            |       |     4 |       ||     4
         Scroll            |       |     6 |       ||     6
 Armour: Leather armour    |     7 |       |       ||     7
         Ring mail         |     3 |    76 |    99 ||   178
  Dodge: Dodged            |     6 |    51 |    91 ||   148

Table legend:
 A = Non-vault XP
 B = Vault XP
 C = Vault XP percentage of total XP
 D = Non-vault monster count
 E = Vault monster count
 F = Vault count percentage of total count
                 A         B        C        D         E       F
            +---------+---------+-------+---------+---------+-------
      Total |    1071 |       0 |   0.0 |      96 |       0 |   0.0
            +---------+---------+-------+---------+---------+-------
        D:1 |      50 |       0 |   0.0 |      27 |       0 |   0.0
        D:2 |      58 |       0 |   0.0 |      24 |       0 |   0.0
        D:3 |     240 |       0 |   0.0 |      25 |       0 |   0.0
        D:4 |     145 |       0 |   0.0 |      11 |       0 |   0.0
        D:5 |     578 |       0 |   0.0 |       9 |       0 |   0.0
            +---------+---------+-------+---------+---------+-------
